 Dungeon Crawl Stone Soup version 0.29.1-1-gd02db6906a (webtiles) character file.

Game seed: 4638031117310213753

158 funnyparkerb the Trooper (level 5, 0/29 HPs)
             Began as a Vine Stalker Fighter on Sept 28, 2022.
             Succumbed to a water moccasin's poison
             ... on level 4 of the Dungeon.
             The game lasted 00:06:12 (2605 turns).

funnyparkerb the Trooper (Vine Stalker Fighter)     Turns: 2605, Time: 00:06:12

Health: 0/29       AC:  7    Str: 18    XL:     5   Next: 40%
Magic:  2/6        EV:  7    Int:  8    God:
Gold:   184        SH:  9    Dex: 16    Spells: 4/4 levels left

rFire   . . .      SeeInvis .   m - +1 dagger (speed)
rCold   . . .      Faith    .   q - +0 kite shield
rNeg    . . .      Spirit   +   b - +0 scale mail
rPois   .          Reflect  .   f - +1 hat
rElec   .          Harm     .   (no cloak)
rCorr   .          Rampage  .   (no gloves)
Will    .....                   (no boots)
Stlth   ..........              (no amulet)
HPRegen 0.89/turn               (no ring)
MPRegen 0.10/turn               (no ring)

@: mighty, lethally poisoned (0 -> -5)
A: fangs 2, regeneration 1, magic shield, antimagic bite, no potion heal 2
a: no special abilities


You were on level 4 of the Dungeon.
You visited 1 branch of the dungeon, and saw 4 of its levels.

You collected 184 gold pieces.

Inventory:

Hand Weapons
 m - a +1 dagger of speed (weapon)
Armour
 b - a +0 scale mail (worn)
 c - a +0 buckler
 f - a +1 hat (worn)
 q - a +0 kite shield (worn)
Scrolls
 a - a scroll of noise {unknown}
 e - 3 scrolls of identify {unknown}
 g - 3 scrolls of magic mapping {unknown}
 k - a scroll of acquirement {unknown}
 l - a scroll of teleportation {unknown}
 r - a scroll of immolation {unknown}
 s - a scroll of enchant weapon {unknown}
 t - a scroll of enchant armour {unknown}
Potions
 d - a potion of might
 h - a potion of curing {unknown}
 i - a potion of cancellation {unknown}
 j - a potion of ambrosia {unknown}
 n - a potion of brilliance {unknown}
 o - 2 potions of degeneration {unknown}
 p - a potion of lignification {unknown}
 u - a potion of attraction {unknown}


   Skills:
 - Level 4.0 Fighting
 + Level 4.0 Short Blades
 - Level 2.4 Armour
 - Level 2.6 Shields


You had 4 spell levels left.
You didn't know any spells.
Your spell library contained the following spells:

 Spells                   Type           Power      Damage    Failure   Level
 Apportation              Tloc           0%         N/A       99%         1
 Necrotise                Necr           0%         1d4       99%         1
 Sting                    Tmut/Pois      0%         1d3       99%         1
 Summon Small Mammal      Summ           0%         N/A       99%         1
 Poisonous Vapours        Pois/Air       0%         N/A       100%        2
 Olgreb's Toxic Radiance  Pois           0%         N/A       100%        4


Dungeon Overview and Level Annotations

Branches:
Dungeon (4/15)
 Temple: D:4-7

Altars:
Ashenzari


Innate Abilities, Weirdness & Mutations

You have extremely sharp teeth.
Your natural rate of healing is unusually fast.
When hurt, damage is shared between your health and your magic reserves.
Your bite disrupts and absorbs the magic of your enemies.
Potions cannot restore your health.


Message History

You hit the water moccasin.
The water moccasin is moderately wounded.
The water moccasin bites you but does no damage.
You hit the water moccasin but do no damage.
The water moccasin is moderately wounded.
You feel sick.
The water moccasin bites you but does no damage.
You miss the water moccasin. Your bite misses the water moccasin.
The water moccasin is moderately wounded.
You feel sick. The water moccasin barely misses you.
You barely miss the water moccasin.
The water moccasin is moderately wounded.
You feel sick. The water moccasin barely misses you.
You hit the water moccasin but do no damage.
The water moccasin is moderately wounded.
The water moccasin closely misses you.
You hit the water moccasin but do no damage.
You bite the water moccasin, but do no damage.
The water moccasin is moderately wounded.
You feel sick. The water moccasin bites you.
You hit the water moccasin but do no damage.
Your bite misses the water moccasin.
The water moccasin is moderately wounded.
You feel sick. The water moccasin bites you!
You are lethally poisoned!
The water moccasin poisons you!
You hit the water moccasin.
The water moccasin is heavily wounded.
* * * LOW HITPOINT WARNING * * *
You feel very sick. The water moccasin bites you.
* * * LOW HITPOINT WARNING * * *
You feel very mighty all of a sudden.
* * * LOW HITPOINT WARNING * * *
You feel very sick. The water moccasin bites you.
* * * LOW HITPOINT WARNING * * *
You hit the water moccasin.
The water moccasin is heavily wounded.
You die...

#.....# #.# ...
#.....#####.##....#...#
##........ .............
#......#####............
#....................[..
#......####.............
#......####.............
#.......................
#......#.##.....@S......
#.######..#.............
#. ##..#............ ..
##.............. ..
##...#####.$... ........
##..# #........# ...
.......... .. ....(..


You could see a water moccasin.

Vanquished Creatures
  An orc priest (D:4)
  4 adders
  5 worms
  8 orcs
  8 ball pythons
  4 bats
  5 endoplasms
  2 giant cockroaches
  5 goblins
  7 hobgoblins
  2 jackals (D:2)
  7 kobolds
  4 quokkas
  4 frilled lizards
  3 rats
69 creatures vanquished.

Notes
Turn   | Place    | Note
-------+----------+-------------------------------------------
     0 | D:1      | funnyparkerb the Vine Stalker Fighter began the quest for
                  | the Orb.
     0 | D:1      | Reached XP level 1. HP: 11/11 MP: 2/2
   153 | D:1      | Reached XP level 2. HP: 16/16 MP: 3/3
   915 | D:1      | Reached XP level 3. HP: 20/20 MP: 4/4
  1326 | D:2      | Gained mutation: Your natural rate of healing is unusually
                  | fast. [Vine Stalker growth]
  1326 | D:2      | Reached XP level 4. HP: 25/25 MP: 5/5
  1553 | D:2      | Found a broken altar of Ashenzari.
  1753 | D:3      | Found a faded altar of an unknown god.
  2483 | D:4      | Reached XP level 5. HP: 27/27 MP: 6/6
  2584 | D:4      | Noticed a water moccasin
  2605 | D:4      | Succumbed to a water moccasin's poison

Illustrated notes

Levels and vault maps discovered:
D:1:      grunt_arrival_crossed_arrows, layout_loops_cross
D:2:      layout_rooms, basic_altar, nicolae_wormholes
D:3:      layout_loops_ring, hellmonk_ecumenical_altar_zigzags
D:4:      layout_rooms, minitemple

Skill      XL: |  1  2  3  4  5 |
---------------+----------------+-----
Short Blades   | 2 3 4 |  4.0
Fighting       | 3 4 |  4.0
Armour         | |  2.4
Shields        | |  2.6

Action                   |  1- 3 |  4- 6 || total
-------------------------+-------+-------++-------
Melee: Rapier            |   101 |       ||   101
       Bite              |    23 |    52 ||    75
       Dagger            |     4 |   170 ||   174
  Use: Potion            |       |     1 ||     1
Armor: Scale mail        |    54 |    50 ||   104
Dodge: Dodged            |    63 |    42 ||   105
Block: Buckler           |    28 |    17 ||    45
       Kite shield       |       |    16 ||    16
